 Dungeon Crawl Stone Soup version 0.16.2-12-gd0ad4c3 (webtiles) character file.

130 gorblad the Insei (level 5, -7/41 HPs)
             Began as a Human Monk on Sept 23, 2015.
             Killed from afar by an orc wizard (11 damage)
             ... with a puff of flame
             ... on level 3 of the Dungeon.
             The game lasted 00:07:13 (2354 turns).

gorblad the Insei (Human Monk)                      Turns: 2354, Time: 00:07:13

Health: -7/41      AC: 10    Str: 11    XL:     5   Next: 36%
Magic:  5/5        EV: 12    Int: 11    God:
Gold:   151        SH:  0    Dex: 16    Spells: 0 memorised, 4 levels left

rFire  . . .     SeeInvis .     m - +0 dagger (protect)
rCold  . . .     Clarity  .     j - +0 ring mail
rNeg   . . .     SustAb   +     (no shield)
rPois  .         Gourm    .     (no helmet)
rElec  .         Spirit   .     (no cloak)
rCorr  .         Warding  .     (no gloves)
rMut   .         Stasis   .     (no boots)
MR     .....                    (no amulet)
Stlth  +.........               (no ring)
                                l - ring of sustain abilities

@: not resistant to hostile enchantments, very unstealthy
A: no striking features
a: no special abilities


You were on level 3 of the Dungeon.
You were not hungry.

You visited 1 branch of the dungeon, and saw 3 of its levels.

You collected 151 gold pieces.

Inventory:

Hand weapons
 m - a +0 dagger of protection (weapon)
Armour
 a - a +0 robe
 j - a +0 ring mail (worn)
 k - a +0 leather armour
Jewellery
 l - a ring of sustain abilities (left hand)
Scrolls
 c - a scroll of enchant armour {unknown}
 d - 3 scrolls of identify {unknown}
 f - 2 scrolls of remove curse {unknown}
 g - 2 scrolls of magic mapping {unknown}
 h - 2 scrolls of recharging {unknown}
 o - a scroll of random uselessness {unknown}
Potions
 p - 2 potions of berserk rage {unknown}
 q - a potion of heal wounds {unknown}
Comestibles
 b - 5 bread rations
 i - a chunk of flesh
 n - 2 meat rations


   Skills:
 + Level 3.6 Fighting
 + Level 0.6 Short Blades
 + Level 1.2 Armour
 + Level 4.0 Dodging
 + Level 2.1 Stealth
 + Level 4.8 Unarmed Combat


You had 4 spell levels left.
You didn't know any spells.

Dungeon Overview and Level Annotations

Branches:
Dungeon (3/15)

Altars:
Qazlal


Message History

The puff of frost hits you!
* * * LOW HITPOINT WARNING * * *
You closely miss something. Something hits you but does no damage.
You hit something.
You hear some strange, mumbled words.
The magic dart hits you!
You miss something. Something hits you.
* * * LOW HITPOINT WARNING * * *
You closely miss something.
You hear some strange, mumbled words.
The puff of flame hits you!
* * * LOW HITPOINT WARNING * * *
You closely miss something. Something hits you but does no damage.
You closely miss something. You punch something.
Something hits you but does no damage.
You closely miss something. Something hits you but does no damage.
You closely miss something.
You hear some strange, mumbled words.
The puff of flame hits you!
You die...

#.##.....# #.##.###.#
#.##.# #.# #. #.##.###.#
.. #........# ##.
#####.##### .. ## #.)###
.# ##
.###.#..)########.#...##.
.+..............@{..?....
.####....########........
## ##.#.# ....... # ###.#
#.#.### #.# .# .. #.# .#
. #.# # ########.#
.........


There were no monsters in sight!

Vanquished Creatures
  4 adders (D:2)
  A worm (D:2)
  A giant gecko (D:1)
  4 oozes
  3 orcs (D:3)
  5 bats
  A giant cockroach (D:1)
  5 goblins
  7 hobgoblins
  4 jackals (D:1)
  7 kobolds
  2 giant newts
  8 rats
52 creatures vanquished.

Vanquished Creatures (others)
  An orc wizard (D:3)
  A giant gecko (D:2)
2 creatures vanquished.

Grand Total: 54 creatures vanquished

Notes
Turn   | Place    | Note
--------------------------------------------------------------
     0 | D:1      | gorblad, the Human Monk, began the quest for the Orb.
     0 | D:1      | Reached XP level 1. HP: 18/18 MP: 1/1
   391 | D:1      | Reached XP level 2. HP: 14/24 MP: 2/2
   890 | D:1      | Reached XP level 3. HP: 21/29 MP: 3/3
  1213 | D:2      | Found a stormy altar of Qazlal.
  1365 | D:2      | Reached XP level 4. HP: 27/35 MP: 4/4
  2111 | D:3      | Reached XP level 5. HP: 41/41 MP: 5/5
  2336 | D:3      | Reached skill level 1 in Armour
  2354 | D:3      | Killed from afar by an orc wizard

Action                   |  1- 3 |  4- 6 || total
-------------------------+-------+-------++-------
Melee: Unarmed           |   120 |       ||   120
       Dagger            |    15 |   208 ||   223
  Use: Potion            |       |     3 ||     3
 Stab: Sleeping          |     1 |     1 ||     2
  Eat: Chunk             |     1 |     4 ||     5
